 Dungeon Crawl Stone Soup version 0.29.0-4-gdea44cf6ec (webtiles) character file.

Game seed: 17961103183547607970

415 qw the Chopper (level 6, -11/37 HPs)
             Began as a Tengu Warper on Aug 28, 2022.
             Mangled by an ogre
             ... wielding a +0 giant spiked club
              (28 damage)
             ... on level 4 of the Dungeon.
             The game lasted 00:00:21 (3607 turns).

qw the Chopper (Tengu Warper)                       Turns: 3607, Time: 00:00:21

Health: -11/37     AC:  7    Str: 13    XL:     6   Next: 92%
Magic:  0/10       EV: 13    Int: 13    God:
Gold:   38         SH:  0    Dex: 14    Spells: 9/9 levels left

rFire   + . .      SeeInvis .   Y - +0 war axe
rCold   . . .      Faith    .   (no shield)
rNeg    . . .      Spirit   +   d - +2 ring mail {rPois}
rPois   +          Reflect  .   (helmet restricted)
rElec   .          Harm     .   (no cloak)
rCorr   .          Rampage  .   (no gloves)
Will    .....                   (boots unavailable)
Stlth   +.........              e - amulet of guardian spirit
HPRegen 0.12/turn               l - ring of protection from fire
MPRegen 0.12/turn               (no ring)

@: flying quickly and evasively, quick
A: beak, talons 3, nimble flight
a: no special abilities


You were on level 4 of the Dungeon.
You visited 1 branch of the dungeon, and saw 4 of its levels.

You collected 148 gold pieces.
You spent 110 gold pieces at shops.


Innate Abilities, Weirdness & Mutations

You have a beak for a mouth.
You have claws for feet.
Your magical nature lets you fly swiftly and evasively.


   Skills:
 - Level 3.0 Fighting
 + Level 7.0 Axes
 - Level 2.1 Throwing
 - Level 1.1 Armour
 - Level 2.1 Dodging
 - Level 2.0 Spellcasting
 - Level 2.4 Translocations


You had 9 spell levels left.
You didn't know any spells.
Your spell library contained the following spells:

 Spells                   Type           Power      Damage    Failure   Level
 Blink                    Tloc           14%        N/A       30%         2
 Gell's Gravitas          Tloc           7%         N/A       52%         3
 Lesser Beckoning         Tloc           7%         N/A       52%         3
 Teleport Other           Tloc           7%         N/A       52%         3
 Manifold Assault         Tloc           7%         N/A       99%         5

Inventory:

Hand Weapons
 i - a +0 hand axe of flaming
 Y - a +0 war axe (weapon)
Missiles
 f - 6 boomerangs
 g - 4 silver javelins (quivered)
Armour
 d - a +2 ring mail of poison resistance (worn)
Jewellery
 e - an amulet of guardian spirit (around neck)
 l - a ring of protection from fire (left hand)
Scrolls
 c - a scroll of identify
 j - 3 scrolls of teleportation
 k - a scroll of amnesia {unknown}
Potions
 a - a potion of curing
 b - a potion of heal wounds
 h - a potion of cancellation

Dungeon Overview and Level Annotations

Branches:
Dungeon (4/15)
 Temple: D:4-7

Altars:
Ashenzari
Xom

Shops:
D:1 (   D:2 *   D:3 *

Annotations:
D:2 1 runed translucent door, Crazy Yiuf


Message History

The iguana is moderately wounded.
The iguana bites you.
You hit the iguana but do no damage. You peck the iguana, but do no damage.
The iguana is moderately wounded.
The iguana misses you.
You hit the iguana. You claw the iguana, but do no damage.
Your peck misses the iguana.
The iguana is heavily wounded.
The iguana barely misses you.
You hit the iguana but do no damage. You claw the iguana, but do no damage.
The iguana is heavily wounded.
The iguana bites you but does no damage.
You closely miss the iguana. You claw the iguana.
The iguana is severely wounded.
The iguana misses you.
You barely miss the iguana.
The iguana is severely wounded.
The iguana misses you.
You hit the iguana.
You kill the iguana!
Your Throwing skill increases to level 2!
You start resting.
Magic restored.
You start resting.
HP restored.
g - 3 silver javelins (gained 1)
There is an escape hatch in the ceiling here.
g - 4 silver javelins (gained 1)
k - a scroll labelled LUSHYAGRUTT An ogre comes into view.
It is wielding a +0 giant spiked club.
The ogre shouts!
Enter note: You hit the ogre but do no damage.
You peck the ogre, but do no damage.
The ogre hits you with a +0 giant spiked club!!
Ouch! That really hurt!
You hit the ogre but do no damage. You claw the ogre.
The ogre is lightly wounded.
The ogre hits you with a +0 giant spiked club!!
Ouch! That really hurt!
You die...

##.## #.# #.# #.#
.. #.# #.######
#......#
...#####..###.###
..........# ..
....###.#.###.#####
# #....@O!.....
###.###.##### #.. #
###. .# #


You could see an ogre.

Vanquished Creatures
  Sigmund (D:2)
  A hound (D:4)
  2 iguanas
  Natasha (twice) (D:2)
  A gnoll (D:3)
  4 adders
  A worm (D:3)
  3 dart slugs
  4 ball pythons
  5 endoplasms
  3 giant cockroaches
  7 goblins
  8 hobgoblins
  6 jackals
  3 quokkas
  4 bats
  4 frilled lizards
  3 kobolds
  6 rats
68 creatures vanquished.

Vanquished Creatures (others)
  A plant (D:4)
1 creature vanquished.

Grand Total: 69 creatures vanquished

Notes
Turn   | Place    | Note
-------+----------+-------------------------------------------
     0 | D:1      | qw the Tengu Warper began the quest for the Orb.
     0 | D:1      | Reached XP level 1. HP: 12/12 MP: 4/4
     0 | D:1      | 0 ||| qw: Version: 0.1-a-89-g26bdef1
     0 | D:1      | 0 ||| qw: Game counter: 2491
     0 | D:1      | 0 ||| qw: Always use a shield: true
     0 | D:1      | 0 ||| qw: God list: Okawaru
     0 | D:1      | 0 ||| qw: Allow faded altars: false
     0 | D:1      | 0 ||| qw: Do Orc after D:15 true
     0 | D:1      | 0 ||| qw: Do second Lair branch before Depths: true
     0 | D:1      | 0 ||| qw: Lair rune preference: random
     0 | D:1      | 0 ||| qw: Plans: Normal
     0 | D:1      | 0 ||| PLANNING D:1-11
    14 | D:1      | 14 ||| Stepping ~*~*~tactically~*~*~ (stealth).
    16 | D:1      | 16 ||| Stepping ~*~*~tactically~*~*~ (stealth).
   100 | D:1      | 100 ||| Stepping ~*~*~tactically~*~*~ (stealth).
   104 | D:1      | 104 ||| Stepping ~*~*~tactically~*~*~ (hiding).
   117 | D:1      | Reached skill level 3 in Axes
   117 | D:1      | Reached XP level 2. HP: 15/17 MP: 6/6
   180 | D:1      | 180 ||| Stepping ~*~*~tactically~*~*~ (stealth).
   181 | D:1      | 181 ||| Stepping ~*~*~tactically~*~*~ (stealth).
   185 | D:1      | 185 ||| Stepping ~*~*~tactically~*~*~ (stealth).
   187 | D:1      | 187 ||| Stepping ~*~*~tactically~*~*~ (stealth).
   371 | D:1      | 371 ||| Stepping ~*~*~tactically~*~*~ (stealth).
   374 | D:1      | 374 ||| Stepping ~*~*~tactically~*~*~ (stealth).
   532 | D:1      | 532 ||| DROPPING +0 club.
   550 | D:1      | Found a faded altar of an unknown god.
   591 | D:1      | Reached XP level 3. HP: 15/21 MP: 7/7
   819 | D:1      | Found Wots's Weapon Shoppe.
   927 | D:1      | Reached skill level 4 in Axes
  1122 | D:1      | 1122 ||| UPGRADING to amulet of guardian spirit.
  1127 | D:1      | 1127 ||| READING scroll labelled REPAETU XUK USERCHE.
  1128 | D:1      | 1128 ||| READING scroll labelled HUVVAD JESO.
  1132 | D:1      | 1132 ||| READING scroll labelled UNOHOAMIZ.
  1133 | D:1      | 1133 ||| DROPPING +0 whip.
  1134 | D:1      | 1134 ||| DROPPING scroll of blinking.
  1150 | D:2      | Noticed Natasha
  1158 | D:2      | Killed Natasha
  1159 | D:2      | Reached XP level 4. HP: 11/26 MP: 3/8
  1441 | D:2      | Found Ashik's General Store.
  1458 | D:2      | 1458 ||| BUYING potion of curing (33 gold).
  1458 | D:2      | Bought a potion of curing for 33 gold pieces
  1458 | D:2      | 1458 ||| SHOPLISTING scroll of brand weapon (104 gold, have
                  | 41).
  1458 | D:2      | 1458 ||| BUYING scroll of identify (22 gold).
  1458 | D:2      | Bought a scroll of identify for 22 gold pieces
  1467 | D:2      | Noticed Sigmund
  1468 | D:2      | 1468 ||| Stepping ~*~*~tactically~*~*~ (stealth).
  1476 | D:2      | 1476 ||| Stepping ~*~*~tactically~*~*~ (stealth).
  1567 | D:2      | 1567 ||| Stepping ~*~*~tactically~*~*~ (stealth).
  1650 | D:2      | Killed Sigmund
  1651 | D:2      | Reached skill level 6 in Axes
  1651 | D:2      | Gained mutation: Your magical nature lets you fly swiftly
                  | and evasively. [Tengu growth]
  1651 | D:2      | Reached XP level 5. HP: 23/30 MP: 6/9
  1651 | D:2      | Reached XP level 6. HP: 27/35 MP: 6/10
  2288 | D:2      | 2288 ||| Stepping ~*~*~tactically~*~*~ (stealth).
  2362 | D:2      | Noticed Natasha
  2363 | D:2      | 2363 ||| Stepping ~*~*~tactically~*~*~ (stealth).
  2366 | D:2      | 2366 ||| Stepping ~*~*~tactically~*~*~ (stealth).
  2367 | D:2      | 2367 ||| Stepping ~*~*~tactically~*~*~ (stealth).
  2369 | D:2      | 2369 ||| Stepping ~*~*~tactically~*~*~ (hiding).
  2370 | D:2      | 2370 ||| Stepping ~*~*~tactically~*~*~ (hiding).
  2380 | D:2      | Killed Natasha
  2381 | D:2      | Reached skill level 7 in Axes
  2578 | D:2      | Found a runed translucent door.
  2579 | D:2      | Noticed Crazy Yiuf
  2582 | D:2      | 2582 ||| READING 2 scrolls labelled XAEFIXZUOXT.
  2583 | D:2      | 2583 ||| DROPPING scroll of fog.
  2625 | D:3      | Found a shimmering altar of Xom.
  2791 | D:3      | 2791 ||| Stepping ~*~*~tactically~*~*~ (stealth).
  2796 | D:3      | 2796 ||| FLEEEEING.
  2797 | D:3      | 2797 ||| STAIRDANCE
  2936 | D:2      | 2936 ||| UPGRADING to +2 ring mail of poison resistance.
  2946 | D:2      | 2946 ||| DROPPING +0 leather armour.
  2947 | D:2      | 2947 ||| READING 4 scrolls of identify.
  2947 | D:2      | 2947 ||| IDENTIFYING viscous cyan potion
  2948 | D:2      | 2948 ||| READING 3 scrolls of identify.
  2948 | D:2      | 2948 ||| IDENTIFYING glowing white potion
  2949 | D:2      | 2949 ||| DROPPING potion of degeneration.
  3026 | D:3      | 3026 ||| Stepping ~*~*~tactically~*~*~ (stealth).
  3122 | D:3      | Found Nukohu's General Store.
  3127 | D:3      | 3127 ||| BUYING +0 war axe (35 gold).
  3127 | D:3      | Bought a +0 war axe for 35 gold pieces
  3127 | D:3      | 3127 ||| SHOPLISTING +6 ring of strength (360 gold, have
                  | 50).
  3127 | D:3      | 3127 ||| SHOPLISTING 2 potions of heal wounds (100 gold,
                  | have 50).
  3127 | D:3      | 3127 ||| SHOPLISTING potion of cancellation (80 gold, have
                  | 50).
  3127 | D:3      | 3127 ||| SHOPLISTING scroll of brand weapon (95 gold, have
                  | 50).
  3127 | D:3      | 3127 ||| BUYING scroll of identify (20 gold).
  3127 | D:3      | Bought a scroll of identify for 20 gold pieces
  3127 | D:3      | 3127 ||| SWAPPING to +0 war axe.
  3255 | D:3      | Found a broken altar of Ashenzari.
  3407 | D:3      | Reached skill level 3 in Fighting
  3451 | D:3      | 3451 ||| UPGRADING to ring of protection from fire.
  3452 | D:3      | 3452 ||| READING 2 scrolls labelled AKHLIA DECIDE.
  3453 | D:3      | 3453 ||| READING 3 scrolls of identify.
  3453 | D:3      | 3453 ||| IDENTIFYING silvery potion
  3454 | D:3      | 3454 ||| READING 2 scrolls of identify.
  3454 | D:3      | 3454 ||| IDENTIFYING ruby potion
  3461 | D:3      | 3461 ||| DROPPING scroll of magic mapping.
  3462 | D:3      | 3462 ||| DROPPING potion of invisibility.
  3607 | D:4      | Mangled by an ogre

Levels and vault maps discovered:
D:1:      amcnicky_arrival_underground_garden, layout_loops_cross,
          hellmonk_ecumenical_altar_arch_garden, serial_shops,
          nicolae_shop_bloodbath_and_beyond
D:2:      layout_basic, serial_shops, shop, minivault_25, corner_web_ring,
          uniq_natasha, uniq_sigmund, uniq_crazy_yiuf_cottage
D:3:      layout_basic, mainiacjoe_overflow_catch_the_wave, serial_shops,
          nicolae_shop_hallway_plus, st_stairs_4,
          nicolae_concentric_dashed_squares_wild, minivault_11
D:4:      cheibrodos_old_hovel, layout_loops_ring, overflow_temple_1_default,
          minmay_temple_entry_statues_pillars

Skill      XL: |  1  2  3  4  5  6 |
---------------+-------------------+-----
Axes           | 3 4 6 7 |  7.0
Fighting       | 3 |  3.0
Throwing       | 2 |  2.1
Armour         | |  1.1
Dodging        | |  2.1
Spellcasting   | |  2.0
Translocations | |  2.4

Action                   |  1- 3 |  4- 6 || total
-------------------------+-------+-------++-------
Melee: Hand axe          |    65 |    65 ||   130
       Kick              |    14 |    25 ||    39
       Peck              |    11 |    14 ||    25
       Punch             |     1 |       ||     1
       War axe           |       |    22 ||    22
Throw: Boomerang         |     7 |     2 ||     9
       Javelin           |       |    20 ||    20
  Use: Scroll            |     3 |     6 ||     9
Armor: Leather armour    |    16 |     8 ||    24
       Ring mail         |       |     5 ||     5
Dodge: Dodged            |    33 |    51 ||    84

Table legend:
 A = Non-vault XP
 B = Vault XP
 C = Vault XP percentage of total XP
 D = Non-vault monster count
 E = Vault monster count
 F = Vault count percentage of total count
                 A         B        C        D         E       F
            +---------+---------+-------+---------+---------+-------
      Total |     310 |     284 |  47.8 |      63 |       5 |   7.4
            +---------+---------+-------+---------+---------+-------
        D:1 |      49 |       0 |   0.0 |      25 |       0 |   0.0
        D:2 |      85 |     266 |  75.8 |      21 |       2 |   8.7
        D:3 |      95 |      16 |  14.4 |      14 |       2 |  12.5
        D:4 |      81 |       2 |   2.4 |       3 |       1 |  25.0
            +---------+---------+-------+---------+---------+-------
